 Dungeon Crawl Stone Soup version 0.16-a0-2989-gec99a28 (webtiles) character file.

7 Ratboiler the Ogre Mage (level 2, -1/24 HPs)
             Began as an Ogre Wanderer on Dec 6, 2014.
             Slain by a giant newt (3 damage)
             ... on level 1 of the Dungeon.
             The game lasted 00:00:52 (519 turns).

Ratboiler the Ogre Mage (Ogre Wanderer)              Turns: 519, Time: 00:00:53

Health: -1/24      AC:  3    Str: 18    XL:     2   Next: 0%
Magic:  6/6        EV:  9    Int: 11    God:
Gold:   11         SH:  0    Dex:  7    Spells: 0 memorised, 8 levels left

rFire  . . .     SeeInvis .     e - +0 club
rCold  . . .     Clarity  .     d - +0 robe
rNeg   . . .     SustAb   .     (shield restricted)
rPois  .         Gourm    .     (helmet restricted)
rElec  .         Spirit   .     (no cloak)
rCorr  .         Warding  .     (gloves unavailable)
rMut   .         Stasis   .     (boots unavailable)
MR     .....                    (no amulet)
Stlth  +.........               (no ring)
                                (no ring)

@: not resistant to hostile enchantments, very unstealthy
A: unfitting armour, tough skin 1
a: no special abilities


You were on level 1 of the Dungeon.
You were not hungry.

You visited 1 branch of the dungeon, and saw 1 of its levels.

You collected 11 gold pieces.

Inventory:

Hand weapons
 e - a +0 club (weapon)
Armour
 d - a +0 robe (worn)
Scrolls
 g - 3 scrolls of identify {unknown}
 j - a scroll of teleportation {unknown}
 k - a scroll of enchant armour {unknown}
 l - a scroll of fog {unknown}
 n - a scroll of recharging {unknown}
Potions
 h - a potion of agility {unknown}
 i - a potion of curing {unknown}
Books
 a - a book of Spatial Translocations

   Spells                             Type                      Level
   a - Apportation                    Translocation                1
   b - Blink                          Translocation                2
   c - Shroud of Golubria             Charms/Translocation         2
   d - Portal Projectile              Translocation                3
   e - Teleport Other                 Translocation                3
   f - Passage of Golubria            Translocation                4
 b - Lehudib's Incunabulum of Scorching Confrontation

   Spells                             Type                      Level
   a - Flame Tongue                   Conjuration/Fire             1
   b - Conjure Flame                  Conjuration/Fire             3
 c - the Handbook of Snow

   Spells                             Type                      Level
   a - Freeze                         Ice                          1
   b - Throw Frost                    Conjuration/Ice              2
Comestibles
 f - a meat ration
 m - a chunk of flesh


   Skills:
 + Level 2.1 Maces & Flails
   Level 1.0 Shields
 - Level 3.6 Spellcasting
   Level 1.0 Hexes
   Level 1.3 Translocations
   Level 1.3 Ice Magic
   Level 1.0 Evocations


You had 8 spell levels left.
You didn't know any spells.

Dungeon Overview and Level Annotations

Branches:
Dungeon (1/15)

Altars:


Innate Abilities, Weirdness & Mutations

You are too large for most types of armour.
You have tough skin (AC +1).


Message History

You closely miss the goblin.
The goblin is heavily wounded.
The giant newt closely misses you. The goblin barely misses you.
The rat bites you.
The giant newt bites you but does no damage.
You hit the goblin.
The goblin is severely wounded.
The goblin hits you.
* * * LOW HITPOINT WARNING * * *
The rat bites you.
* * * LOW HITPOINT WARNING * * *
The giant newt bites you.
* * * LOW HITPOINT WARNING * * *
The goblin barely misses you.
You miss the goblin.
The goblin is severely wounded.
The rat bites you.
* * * LOW HITPOINT WARNING * * *
The giant newt bites you.
You die...

....................
#####.........##...>...
#.....#..###.....#.......
#.....#..##...............
#........#..#.....###.##
#..........##.....#
###.......##).b....##
#.........####gr#....#
#......###ll@##..#.#
#.........รท#####.....
####..####### ##......
#.....### .....
###.#.....## #...
#..........## #.
#.#.........#
#.#.........#
##.#.........#


You could see a goblin, a bat, 2 giant newts and a rat.

Vanquished Creatures
  A goblin (D:1)
  3 bats (D:1)
  A kobold (D:1)
  3 rats (D:1)
8 creatures vanquished.

Notes
Turn   | Place    | Note
--------------------------------------------------------------
     0 | D:1      | Ratboiler, the Ogre Wanderer, began the quest for the Orb.
     0 | D:1      | Ratboiler set off with: a book of Spatial Translocations, Lehudib's Incunabulum of Scorching Confrontation, the Handbook of Snow, a +0 robe, a +0 club, a meat ration
     0 | D:1      | Reached XP level 1. HP: 16/16 MP: 4/4
     0 | D:1      | Identified Lehudib's Incunabulum of Scorching Confrontation
     0 | D:1      | Identified the Handbook of Snow
    45 | D:1      | Reached skill level 1 in Maces & Flails
   376 | D:1      | Reached XP level 2. HP: 15/24 MP: 6/6
   519 | D:1      | Slain by a giant newt

Action                   || total
-------------------------++-------
Melee: Club              ||    47
